[Event "ICC tourney 2603 (40 5)"]
[Site "Internet Chess Club"]
[Date "2021.06.13"]
[Round "5"]
[White "JIANG, LUCAS:K05-16314627"]
[Black "KONG, MILOJAMES:K05-16203724"]
[Result "0-1"]
[ICCResult "White forfeits on time"]
[WhiteElo "1953"]
[BlackElo "1570"]
[Opening "Sicilian: accelerated fianchetto, modern variation with Bc4"]
[ECO "B35"]
[NIC "SI.33"]
[Time "14:01:51"]
[PlyCount "102"]
[TimeControl "2400+5"]

1. e4 c5 2. Nf3 Nc6 3. d4 cxd4 4. Nxd4 g6 5. Nc3 Bg7 6. Be3 Nf6 7. Bc4 d6
8. f3 a6 9. Bb3 O-O 10. Qd2 Ne5 11. g4 b5 12. g5 Nh5 13. O-O-O Bb7 14. Nce2
a5 15. a3 b4 16. a4 d5 17. f4 Ng4 18. e5 Nxe3 19. Qxe3 h6 20. h4 e6 21. Ng3
Nxg3 22. Qxg3 h5 23. Nb5 Bc6 24. Nd4 Bb7 25. Rhe1 Rc8 26. Nb5 Bc6 27. Nd6
Rb8 28. f5 exf5 29. Bxd5 Qc7 30. Bb3 Be4 31. Nxe4 fxe4 32. Rxe4 Rbe8 33.
Rde1 Re7 34. Qd3 Kh7 35. e6 f6 36. gxf6 Rxf6 37. Rd4 Rf4 38. Rd7 Qc5 39.
Qe3 Qxe3+ 40. Rxe3 Bf6 41. Rxe7+ Bxe7 42. Re5 Rf5 43. Rxf5 gxf5 44. Kd2
Bxh4 45. Ke3 Kg6 46. Bd5 Be7 47. Kf4 Kf6 48. c3 bxc3 49. bxc3 Bd6+ 50. Kf3
Ke5 51. Bb3 h4 { White forfeits on time } 0-1

[Event "ICC tourney 2603 (40 5)"]
[Site "Internet Chess Club"]
[Date "2021.06.13"]
[Round "5"]
[White "TESSIORE, LUCA GIORGIO:K05-17347744"]
[Black "GOLSEFIDY, SEPEHR:K05-16686975"]
[Result "1-0"]
[ICCResult "Black checkmated"]
[WhiteElo "1914"]
[BlackElo "1882"]
[Opening "QGD: Ragozin, Vienna variation"]
[ECO "D39"]
[NIC "NI.27"]
[Time "14:01:42"]
[PlyCount "61"]
[TimeControl "2400+5"]

1. d4 Nf6 2. c4 e6 3. Nf3 d5 4. Nc3 Bb4 5. Bg5 dxc4 6. e4 b5 7. a4 c6 8. e5
h6 9. Bh4 g5 10. Nxg5 hxg5 11. Bxg5 Nbd7 12. exf6 Bb7 13. Be2 Qc7 14. h4 a6
15. O-O O-O-O 16. Qc2 Rdg8 17. f4 c5 18. d5 exd5 19. axb5 Bxc3 20. bxc3
axb5 21. Bf3 Qd6 22. Rfe1 b4 23. Re7 Rxg5 24. fxg5 Rxh4 25. Qf5 Bc6 26.
Rxf7 d4 27. Ra6 Qh2+ 28. Kf2 Bb5 29. Ra8+ Kc7 30. Qxc5+ Bc6 31. Qxc6# {
Black checkmated } 1-0

[Event "ICC tourney 2603 (40 5)"]
[Site "Internet Chess Club"]
[Date "2021.06.13"]
[Round "5"]
[White "BEAR, NICHOLAS D:K05-16056078"]
[Black "YAO, HANCHI:K05-16512998"]
[Result "1-0"]
[ICCResult "Black checkmated"]
[WhiteElo "1714"]
[BlackElo "1636"]
[Opening "Queen's pawn, Mason variation"]
[ECO "D00"]
[NIC "QP.08"]
[Time "14:01:41"]
[PlyCount "101"]
[TimeControl "2400+5"]

1. d4 d5 2. Bf4 Nf6 3. e3 Bf5 4. c4 e6 5. Nc3 Bb4 6. Bd3 dxc4 7. Bxc4 O-O
8. Nf3 Ne4 9. Rc1 Nxc3 10. bxc3 Ba3 11. O-O Bxc1 12. Qxc1 Nc6 13. Re1 a6
14. e4 Bg6 15. Bg5 Qd7 16. h3 b5 17. Bb3 f6 18. Bf4 Na5 19. Bc2 Nc4 20. Bb3
Kh8 21. Bh2 Rfc8 22. Nd2 Nxd2 23. Qxd2 c5 24. Rd1 Rd8 25. f3 Qa7 26. Bxe6
Bf7 27. Bxf7 Qxf7 28. d5 Rd7 29. Qe3 c4 30. Rb1 f5 31. Rf1 Rf8 32. Rf2 h6
33. Be5 Kh7 34. Bd4 Re8 35. Kh2 Rxd5 36. Qf4 g5 37. Qe3 Rd7 38. e5 Rde7 39.
f4 g4 40. hxg4 fxg4 41. Qe4+ Kg8 42. f5 Qh5+ 43. Kg3 Qf7 44. Qxg4+ Kh7 45.
e6 Qg8 46. Rf4 h5 47. Qxg8+ Rxg8+ 48. Kf3 Rge8 49. Rh4 Kh6 50. g4 Rxe6 51.
Rxh5# { Black checkmated } 1-0

[Event "ICC tourney 2603 (40 5)"]
[Site "Internet Chess Club"]
[Date "2021.06.13"]
[Round "5"]
[White "RAO, ANJANEYA SRIPATHY:K05-16442373"]
[Black "WANG, ALEXANDER J:K05-15983386"]
[Result "0-1"]
[ICCResult "White forfeits on time"]
[WhiteElo "1898"]
[BlackElo "2124"]
[Opening "Sicilian: dragon, Yugoslav attack, Rauser variation"]
[ECO "B76"]
[NIC "SI.17"]
[Time "14:01:47"]
[PlyCount "80"]
[TimeControl "2400+5"]

1. e4 c5 2. Nf3 d6 3. d4 cxd4 4. Nxd4 Nf6 5. Nc3 g6 6. Be3 Bg7 7. f3 O-O 8.
Qd2 Nc6 9. O-O-O d5 10. exd5 Nxd5 11. Nxc6 bxc6 12. Bd4 Bxd4 13. Qxd4 Qb6
14. Nxd5 cxd5 15. Qxb6 axb6 16. a3 Bb7 17. Bb5 e5 18. Kb1 Rad8 19. Rhe1 f6
20. c4 d4 21. b4 Kh8 22. a4 Rf7 23. c5 bxc5 24. bxc5 Rc7 25. Rc1 Rdc8 26.
h3 Bc6 27. Re2 Rb8 28. Rb2 Rcb7 29. Rcc2 Bxb5 30. axb5 Rxb5 31. Rxb5 Rxb5+
32. Kc1 Rb7 33. c6 Rc7 34. Kd2 Kg7 35. Kd3 Kf7 36. Rc5 Ke6 37. Kc4 Kd6 38.
Kb5 Rc8 39. g4 g5 40. Kb6 Rb8+ { White forfeits on time } 0-1

[Event "ICC tourney 2603 (40 5)"]
[Site "Internet Chess Club"]
[Date "2021.06.13"]
[Round "5"]
[White "CHANG, LUCA:K05-16081600"]
[Black "VEMPARALA, NIKASH:K05-16438800"]
[Result "0-1"]
[ICCResult "White forfeits on time"]
[WhiteElo "1533"]
[BlackElo "1684"]
[Opening "QGD Slav: Winawer counter-gambit"]
[ECO "D10"]
[NIC "SL.01"]
[Time "14:01:44"]
[PlyCount "90"]
[TimeControl "2400+5"]

1. d4 d5 2. c4 c6 3. Nc3 e5 4. cxd5 cxd5 5. dxe5 d4 6. Qa4+ Nc6 7. Ne4 Qd5
8. Nd6+ Bxd6 9. exd6 Qxd6 10. Nf3 Nf6 11. g3 O-O 12. Bg2 Bf5 13. O-O Rfe8
14. Bf4 Qd7 15. e3 dxe3 16. Bxe3 Bh3 17. Rfd1 Qc8 18. Rac1 Bxg2 19. Kxg2
Qf5 20. Rc5 Qe6 21. Ng5 Qe7 22. Qb3 Ne4 23. Rb5 Nxg5 24. Rxg5 Qe4+ 25. Kg1
Ne5 26. Rh5 Qg4 27. Rxe5 Rxe5 28. Rd4 Qc8 29. Rf4 Re6 30. Rc4 Rc6 31. Rf4
Qd7 32. Rd4 Qe7 33. Rg4 Rg6 34. Rb4 b6 35. Rf4 Rd8 36. Qa4 Rgd6 37. Re4 Re6
38. Rg4 Qd7 39. Qf4 Qd1+ 40. Kg2 Qd5+ 41. Kg1 Rg6 42. Rh4 Qc6 43. Bd4 Re6
44. f3 Qc2 45. Kf1 Re2 { White forfeits on time } 0-1

[Event "ICC tourney 2603 (40 5)"]
[Site "Internet Chess Club"]
[Date "2021.06.13"]
[Round "5"]
[White "KASHYAP, MAHATIB:K05-16792961"]
[Black "RAJARAM, ROHAN:K05-15739716"]
[Result "0-1"]
[ICCResult "White checkmated"]
[WhiteElo "1033"]
[BlackElo "1905"]
[Opening "Sicilian defense"]
[ECO "B44"]
[NIC "SI.39"]
[Time "14:01:48"]
[PlyCount "146"]
[TimeControl "2400+5"]

1. e4 c5 2. Nf3 e6 3. d4 cxd4 4. Nxd4 Nc6 5. Be3 Qc7 6. f3 Nf6 7. c4 a6 8.
Nc3 Be7 9. Be2 O-O 10. O-O d6 11. Qd2 Rd8 12. Rac1 e5 13. Nb3 Qd7 14. Rfd1
Bf8 15. Nd5 Nxd5 16. cxd5 Na7 17. Bb6 Re8 18. Qe3 Nb5 19. a4 Nd4 20. Nxd4
exd4 21. Qxd4 Qe7 22. Rc7 Qg5 23. Qe3 Qg6 24. Rdc1 Bh3 25. Qf2 Re7 26. Kh1
Bd7 27. b3 Be8 28. Rxe7 Bxe7 29. Rc7 Bf6 30. Rxb7 Be5 31. Be3 Rc8 32. Bxa6
Qh5 33. g3 h6 34. Re7 Rb8 35. Kg2 Kf8 36. Rb7 Rxb7 37. Bxb7 Bd7 38. Kg1 f5
39. a5 f4 40. Bxf4 Bxf4 41. gxf4 Qg6+ 42. Qg3 Qf6 43. e5 Qf5 44. a6 Qb1+
45. Kg2 Qc2+ 46. Kh1 Qd1+ 47. Kg2 Qc2+ 48. Qf2 Qg6+ 49. Kh1 Qb1+ 50. Qg1
Qxb3 51. Qf1 Bb5 52. Qf2 Qb1+ 53. Kg2 Qg6+ 54. Qg3 Qd3 55. Qf2 Qg6+ 56. Kh1
Qb1+ 57. Qg1 Qd3 58. Qf2 Qb1+ 59. Kg2 Qg6+ 60. Qg3 Qd3 61. Kh3 Qf5+ 62. Kh4
Be8 63. Qg4 Qc2 64. Kh3 Qf2 65. e6 Bb5 66. Qg3 Bf1+ 67. Kg4 Qd4 68. Kh5 Bd3
69. Qg4 g6+ 70. Qxg6 Bxg6+ 71. Kxg6 Qxf4 72. a7 Qg5+ 73. Kh7 Qg7# { White
checkmated } 0-1

[Event "ICC tourney 2603 (40 5)"]
[Site "Internet Chess Club"]
[Date "2021.06.13"]
[Round "5"]
[White "MORITANI, SHO:K05-16760848"]
[Black "LIU, ERIC CHANG:K05-16650666"]
[Result "1-0"]
[ICCResult "Black resigns"]
[WhiteElo "1456"]
[BlackElo "2045"]
[Opening "Sicilian: Canal-Sokolsky (Nimzovich-Rossolimo, Moscow) attack"]
[ECO "B51"]
[NIC "SI.01"]
[Time "14:01:56"]
[PlyCount "219"]
[TimeControl "2400+5"]

1. e4 c5 2. Nf3 d6 3. Bb5+ Nd7 4. a4 Nf6 5. Nc3 g6 6. a5 a6 7. Be2 Bg7 8.
O-O O-O 9. Re1 Re8 10. d4 cxd4 11. Nxd4 Nc5 12. Bf1 e5 13. Nf3 Bg4 14. h3
Bxf3 15. Qxf3 Ne6 16. Qd3 Qc7 17. Be3 Nd4 18. Bg5 Qc6 19. Bxf6 Bxf6 20. Nd5
Bg7 21. c3 Ne6 22. Rad1 Rad8 23. g3 Nc7 24. Nb6 Bf8 25. Bg2 Bg7 26. b4 Nb5
27. Nd5 Nc7 28. Ne3 Nb5 29. Nd5 Nc7 30. Nb6 Nb5 31. Rc1 Bh6 32. Rc2 Na3 33.
Ra2 Nb5 34. Nd5 Bg7 35. Rea1 Nc7 36. Nb6 Nb5 37. Rc2 Kh8 38. Kh1 Re7 39.
Kg1 Rc7 40. Nd5 Rcd7 41. h4 Nc7 42. Nb6 Re7 43. Bh3 Ree8 44. Bg2 Na8 45.
Nd5 Nc7 46. Ne3 Bh6 47. Ng4 Bg7 48. Kh2 Ne6 49. Rd1 Rd7 50. Ne3 Bh6 51. Nd5
Nc7 52. Nf6 Red8 53. Nxd7 Rxd7 54. Bh3 Ne6 55. Bxe6 fxe6 56. c4 Qc7 57. Qc3
Bg7 58. Qb3 Qc6 59. Qf3 Kg8 60. Rdc1 h5 61. Rc3 Rf7 62. Qe2 Bh6 63. R1c2
Bg7 64. Kg1 Kh7 65. Rf3 Rd7 66. Kh2 Kh8 67. Rd3 Kh7 68. Rd1 Bf6 69. Qe3 Bg7
70. f3 Bh6 71. Qb6 Qa4 72. Qf2 Qxb4 73. c5 d5 74. exd5 exd5 75. Qe2 Bg7 76.
Qd2 Qb5 77. Kg2 Bf6 78. Kh2 Bg7 79. Re1 Qc6 80. Kg2 Qb5 81. Kh2 Qc6 82. Qb4
d4 83. Re4 d3 84. Rd2 Bh6 85. Rd1 Qd5 86. Qc3 Bg7 87. Re3 e4 88. Qd2 Bh6
89. f4 Re7 90. Rde1 Bg7 91. Rxd3 Qxc5 92. Rde3 Qc6 93. Qg2 Qd5 94. Rxe4
Rxe4 95. Qxe4 Qxa5 96. Re2 b5 97. Rc2 Qb6 98. Kg2 b4 99. Rc6 Qd8 100. Qxg6+
Kg8 101. Qe6+ Kh7 102. Qf5+ Kg8 103. Rc8 Bf6 104. Rxd8+ Bxd8 105. Qe6+ Kf8
106. Qxa6 Be7 107. Qb5 Kg7 108. Qxh5 b3 109. Qb5 b2 110. Qxb2+ { Black
resigns } 1-0

[Event "ICC tourney 2603 (40 5)"]
[Site "Internet Chess Club"]
[Date "2021.06.13"]
[Round "6"]
[White "XIA, CHENXIANG:K05-16930170"]
[Black "YIN, HAOXUAN:K05-16009384"]
[Result "1/2-1/2"]
[ICCResult "Game drawn by repetition"]
[WhiteElo "1084"]
[BlackElo "776"]
[Opening "QGD: 3.Nc3"]
[ECO "D31"]
[NIC "QO.17"]
[Time "17:00:08"]
[PlyCount "143"]
[TimeControl "2400+5"]

1. d4 e6 2. c4 d5 3. Nc3 dxc4 4. e4 Nc6 5. Nf3 g6 6. Bxc4 Bg7 7. Be3 Nf6 8.
O-O O-O 9. Bg5 Re8 10. e5 Nxe5 11. dxe5 Qxd1 12. Raxd1 Nd7 13. Rfe1 Rf8 14.
Be7 Re8 15. Bb4 f5 16. exf6 Bxf6 17. Bxe6+ Kg7 18. Bxd7 Rxe1+ 19. Rxe1 Bxd7
20. h3 Re8 21. Rxe8 Bxe8 22. g4 Bc6 23. Kg2 b6 24. Kg3 a5 25. Ba3 b5 26.
Bc5 b4 27. Ne2 Bd5 28. b3 Kf7 29. h4 Be7 30. Bxe7 Kxe7 31. Nf4 Bg8 32. h5
gxh5 33. gxh5 c5 34. Kg4 a4 35. bxa4 Bxa2 36. Ne2 c4 37. Ned4 b3 38. Ne2 b2
39. Nc3 b1=Q 40. Nxb1 Bxb1 41. a5 c3 42. Nd4 c2 43. Nxc2 Bxc2 44. a6 Be4
45. a7 Kf7 46. f3 Bc6 47. f4 Kf8 48. Kg5 Kg7 49. f5 Kf7 50. h6 Ke7 51. f6+
Kf7 52. Kf5 Kf8 53. Ke6 Ke8 54. f7+ Kf8 55. Kf6 Bh1 56. Ke6 Bg2 57. Kf6 Bh1
58. Ke6 Bg2 59. Kf6 Bh1 60. Kg5 Kxf7 61. Kh5 Bc6 62. Kg5 Bh1 63. Kh5 Bc6
64. Kg5 Bh1 65. Kh5 Bc6 66. Kg5 Bh1 67. Kh5 Bc6 68. Kg5 Bh1 69. Kh5 Bc6 70.
Kg5 Bh1 71. Kh5 Bc6 72. Kg5 { Game drawn by repetition } 1/2-1/2

[Event "ICC tourney 2603 (40 5)"]
[Site "Internet Chess Club"]
[Date "2021.06.13"]
[Round "6"]
[White "JAIN, KANISHK:K05-16575412"]
[Black "ROY, AYUSH:K05-16710940"]
[Result "0-1"]
[ICCResult "White resigns"]
[WhiteElo "537"]
[BlackElo "1547"]
[Opening "Sicilian: Alapin's variation (2.c3)"]
[ECO "B22"]
[NIC "SI.46"]
[Time "17:00:18"]
[PlyCount "66"]
[TimeControl "2400+5"]

1. e4 c5 2. c3 Nc6 3. d4 cxd4 4. cxd4 d5 5. e5 e6 6. f4 Bb4+ 7. Nc3 Qb6 8.
Nf3 Nge7 9. a3 Bxc3+ 10. bxc3 Bd7 11. Bd3 Rc8 12. Bd2 Ng6 13. Qe2 Na5 14.
O-O Nc4 15. Rab1 Qc7 16. Rb3 Nxd2 17. Qxd2 b6 18. Rfb1 O-O 19. Ba6 Rb8 20.
Rf1 b5 21. a4 bxa4 22. Rbb1 Rb6 23. Bd3 Rfb8 24. Rxb6 Qxb6 25. Ng5 a3 26.
f5 exf5 27. Bxf5 Bxf5 28. Rxf5 Qb1+ 29. Rf1 Qb2 30. Qd1 a2 31. Nxf7 Qb1 32.
Qf3 Qxf1+ 33. Qxf1 Rb1 { White resigns } 0-1

[Event "ICC tourney 2603 (40 5)"]
[Site "Internet Chess Club"]
[Date "2021.06.13"]
[Round "6"]
[White "YAO, HANCHI:K05-16512998"]
[Black "KASHYAP, MAHATIB:K05-16792961"]
[Result "0-1"]
[ICCResult "White resigns"]
[WhiteElo "1636"]
[BlackElo "1033"]
[Opening "QGD: Neo-orthodox variation, 7.Bh4"]
[ECO "D56"]
[NIC "QO.13"]
[Time "17:00:18"]
[PlyCount "45"]
[TimeControl "2400+5"]

1. d4 d5 2. c4 e6 3. Nc3 Nf6 4. Bg5 Be7 5. Nf3 O-O 6. e3 h6 7. Bh4 Nbd7 8.
Qc2 Re8 9. Rd1 c6 10. a3 b6 11. Bd3 Ba6 12. cxd5 Bxd3 13. Rxd3 cxd5 14. O-O
Rc8 15. Ne5 Nxe5 16. dxe5 Nd7 17. Bxe7 Qxe7 18. f3 Nxe5 19. Rd4 Nc4 20. Re1
Qc5 21. Qf2 Nxb2 22. Ne2 Qxa3 23. Ng3 { White resigns } 0-1

[Event "ICC tourney 2603 (40 5)"]
[Site "Internet Chess Club"]
[Date "2021.06.13"]
[Round "6"]
[White "LIU, NATHAN CHANG:K05-16650672"]
[Black "BIRD, BRIAN:K05-15768143"]
[Result "0-1"]
[ICCResult "White checkmated"]
[WhiteElo "1531"]
[BlackElo "1531"]
[Opening "Caro-Kann: Forgács variation"]
[ECO "B15"]
[NIC "CK.06"]
[Time "17:00:17"]
[PlyCount "146"]
[TimeControl "2400+5"]

1. e4 c6 2. d4 d5 3. Nc3 dxe4 4. Nxe4 Nf6 5. Nxf6+ exf6 6. Bc4 Bd6 7. Nf3
O-O 8. O-O Qc7 9. h3 Bf5 10. c3 Nd7 11. Be3 Rfe8 12. Qb3 Nb6 13. Be2 Nd5
14. c4 Nxe3 15. fxe3 c5 16. Rae1 Bg3 17. Rd1 b6 18. d5 Qd6 19. Nd2 Bg6 20.
Bg4 Re7 21. Bf5 Bxf5 22. Rxf5 Rae8 23. Rf3 h5 24. e4 Bf4 25. e5 Bxe5 26.
Ne4 Bh2+ 27. Kh1 Rxe4 28. g3 Re2 29. Qc3 h4 30. g4 Bg1 31. Rg3 Qxg3 32.
Qxg3 hxg3 33. Kxg1 Re1+ 34. Rxe1 Rxe1+ 35. Kg2 Kf8 36. Kxg3 Rb1 37. b3 Rb2
38. Kf4 Rxa2 39. g5 fxg5+ 40. Kxg5 Rb2 41. h4 Rxb3 42. d6 Rd3 43. d7 Rxd7
44. h5 a5 45. h6 gxh6+ 46. Kxh6 a4 47. Kg5 a3 48. Kf5 Re7 49. Kg5 a2 50.
Kh5 Re5+ 51. Kh6 Rh5+ 52. Kxh5 a1=Q 53. Kg5 Qa4 54. Kh6 Qxc4 55. Kh5 Qh4+
56. Kxh4 f5 57. Kg5 b5 58. Kxf5 c4 59. Ke4 Ke7 60. Kd4 Kd6 61. Kc3 Kc5 62.
Kc2 b4 63. Kb2 Kd4 64. Kc2 b3+ 65. Kb2 c3+ 66. Kc1 c2 67. Kb2 Kd3 68. Ka3
Kd2 69. Ka4 b2 70. Ka5 b1=Q 71. Ka6 c1=Q 72. Ka7 Qcb2 73. Ka8 Q2a1# { White
checkmated } 0-1

[Event "ICC tourney 2603 (40 5)"]
[Site "Internet Chess Club"]
[Date "2021.06.13"]
[Round "6"]
[White "KONDABATHINI, NAMISH:K05-16992657"]
[Black "SELVAM, SWAGATHA:K05-16203181"]
[Result "0-1"]
[ICCResult "White checkmated"]
[WhiteElo "1076"]
[BlackElo "1289"]
[Opening "Trompowsky attack (Ruth, Opocenský opening)"]
[ECO "A45"]
[NIC "QP.07"]
[Time "17:00:15"]
[PlyCount "80"]
[TimeControl "2400+5"]

1. d4 Nf6 2. Bg5 h6 3. Bxf6 exf6 4. e3 d5 5. Nf3 Nc6 6. a3 Bg4 7. Nbd2 Bd6
8. h3 Bh5 9. Be2 O-O 10. O-O Qd7 11. c4 dxc4 12. Nxc4 Rfe8 13. Nxd6 cxd6
14. Nd2 Bxe2 15. Qxe2 Nxd4 16. Qd3 Nc6 17. Nc4 Rad8 18. Rfd1 d5 19. Nd2 Re6
20. Nf3 Ne5 21. Nxe5 fxe5 22. Rac1 Rg6 23. Kh2 e4 24. Qd4 Qd6+ 25. Kh1 a6
26. Rc5 Rg5 27. Rc2 Qg6 28. Rg1 Rd6 29. Rc8+ Kh7 30. Qa7 Qf5 31. Rc2 Rh5
32. Kh2 Qe5+ 33. Kh1 Qe6 34. Kh2 Qd7 35. Qd4 Rg6 36. Rd2 Qg4 37. Rdd1 Qh4
38. Qd2 Rxg2+ 39. Rxg2 Qxh3+ 40. Kg1 Qh1# { White checkmated } 0-1

[Event "ICC tourney 2603 (40 5)"]
[Site "Internet Chess Club"]
[Date "2021.06.13"]
[Round "6"]
[White "PRASANNA, KEVIN FRANCO:K05-15771571"]
[Black "KURUP, SIDDHARTH:K05-16282415"]
[Result "0-1"]
[ICCResult "White checkmated"]
[WhiteElo "1346"]
[BlackElo "1528"]
[Opening "Caro-Kann: exchange variation"]
[ECO "B13"]
[NIC "CK.02"]
[Time "17:00:23"]
[PlyCount "66"]
[TimeControl "2400+5"]

1. e4 c6 2. d4 d5 3. exd5 cxd5 4. Bb5+ Nc6 5. Nf3 Nf6 6. Ne5 Bd7 7. Nxd7
Qxd7 8. c3 e6 9. Bf4 Be7 10. Nd2 a6 11. Bxc6 Qxc6 12. Nf3 O-O 13. O-O Qb5
14. Qc2 Rac8 15. a4 Qb6 16. a5 Qb5 17. Be5 Ne4 18. Nd2 Nd6 19. Rfe1 Nf5 20.
Nf1 f6 21. Bg3 Nxd4 22. Qd2 Nb3 23. Qe3 Nxa1 24. Qxe6+ Kh8 25. Rxa1 Qxb2
26. Ra4 Rfe8 27. Rh4 Qc2 28. Qxd5 Rxc3 29. Qf7 Rcc8 30. Rg4 Bf8 31. Bd6 Qd3
32. Bxf8 Qxf1+ 33. Kxf1 Rc1# { White checkmated } 0-1

[Event "ICC tourney 2603 (40 5)"]
[Site "Internet Chess Club"]
[Date "2021.06.13"]
[Round "6"]
[White "MARIAN, AARON:K05-15799497"]
[Black "KANNAN, VIJAY:K05-16132744"]
[Result "1-0"]
[ICCResult "Black checkmated"]
[WhiteElo "1400"]
[BlackElo "1618"]
[Opening "Sicilian: Alapin's variation (2.c3)"]
[ECO "B22"]
[NIC "SI.46"]
[Time "17:00:52"]
[PlyCount "137"]
[TimeControl "2400+5"]

1. e4 c5 2. c3 e6 3. d4 Nc6 4. d5 exd5 5. exd5 Nb8 6. Nf3 d6 7. Bd3 Nf6 8.
O-O Be7 9. Bc2 O-O 10. Bg5 h6 11. Bh4 Nbd7 12. c4 Nh5 13. Qd3 Nhf6 14. Nc3
a6 15. Ne4 g6 16. Qe3 Kg7 17. Qf4 Nh5 18. Bxe7 Nxf4 19. Bxd8 Rxd8 20. Nxd6
Nb6 21. Nxc8 Raxc8 22. b3 Re8 23. Rfe1 Nd7 24. Kf1 Nf6 25. g3 N4h5 26. Rxe8
Rxe8 27. Re1 Rxe1+ 28. Kxe1 b5 29. cxb5 axb5 30. d6 Nd7 31. Bd3 b4 32. Bb5
Nhf6 33. Ke2 Kf8 34. h3 Ke8 35. Kd3 Kd8 36. Bxd7 Kxd7 37. Ne5+ Ke6 38. f4
g5 39. Kc4 Ne4 40. d7 Ke7 41. Kd5 Nf6+ 42. Kc6 Nxd7 43. Nxd7 gxf4 44. gxf4
Ke6 45. Kxc5 Kf5 46. Ne5 f6 47. Ng4 h5 48. Nf2 Kxf4 49. Kxb4 Kg3 50. Ne4+
Kxh3 51. Nxf6 Kg3 52. Nxh5+ Kg4 53. a4 Kxh5 54. a5 Kg6 55. a6 Kf7 56. a7
Ke7 57. a8=Q Kd6 58. Kc4 Kd7 59. Qa6 Ke7 60. Qc6 Kf7 61. Qd6 Kg7 62. Qe6
Kh7 63. Qf6 Kg8 64. Qe7 Kh8 65. b4 Kg8 66. b5 Kh8 67. b6 Kg8 68. b7 Kh8 69.
b8=Q# { Black checkmated } 1-0

[Event "ICC tourney 2603 (40 5)"]
[Site "Internet Chess Club"]
[Date "2021.06.13"]
[Round "6"]
[White "ADEWUMI, TANITOLUWA:K05-16649696"]
[Black "MORITANI, SHO:K05-16760848"]
[Result "1-0"]
[ICCResult "Black checkmated"]
[WhiteElo "2223"]
[BlackElo "1456"]
[Opening "Sicilian defense"]
[ECO "B40"]
[NIC "SI.43"]
[Time "17:00:58"]
[PlyCount "145"]
[TimeControl "2400+5"]

1. e4 c5 2. Nf3 e6 3. c3 Nf6 4. e5 Nd5 5. d4 cxd4 6. cxd4 Nc6 7. Nc3 d6 8.
Nxd5 exd5 9. Bd3 Bg4 10. O-O dxe5 11. dxe5 Be7 12. Re1 O-O 13. h3 Be6 14.
Be3 d4 15. Nxd4 Nxd4 16. Bxd4 Bb4 17. Re3 Kh8 18. Be4 Bd5 19. Qg4 Be6 20.
Qd1 Bd5 21. Qf3 Bxe4 22. Rxe4 Qe7 23. a3 Bc5 24. Bc3 Qe6 25. Rd1 Rad8 26.
Rh4 Qb6 27. Rxd8 Rxd8 28. Rf4 Kg8 29. Rxf7 Rd1+ 30. Qxd1 Kxf7 31. Qd5+ Ke7
32. Qxc5+ Qxc5 33. Bb4 Qxb4 34. axb4 Ke6 35. f4 g5 36. g3 h5 37. h4 gxh4
38. gxh4 Kf5 39. Kf2 Ke6 40. Ke3 Kf5 41. b5 a6 42. bxa6 bxa6 43. b4 Ke6 44.
Ke4 Kf7 45. f5 Ke7 46. f6+ Ke6 47. Kf4 Kf7 48. Kf5 Kf8 49. e6 a5 50. Kg6
axb4 51. f7 Ke7 52. Kg7 Kxe6 53. f8=Q b3 54. Qb4 b2 55. Qxb2 Kf5 56. Qf6+
Kg4 57. Qg5+ Kf3 58. Qxh5+ Ke3 59. Qg5+ Kd4 60. h5 Ke4 61. h6 Kd4 62. Kf8
Ke4 63. Ke8 Kd3 64. Kd8 Ke4 65. Kc8 Kd3 66. Kb8 Ke4 67. Ka8 Kd3 68. h7 Ke4
69. h8=Q Kd3 70. Qhh4 Ke2 71. Qgg3 Kd1 72. Qhh2 Kc1 73. Qgg1# { Black
checkmated } 1-0

[Event "ICC tourney 2603 (40 5)"]
[Site "Internet Chess Club"]
[Date "2021.06.13"]
[Round "6"]
[White "ZHUANG, KYLE:K05-16368295"]
[Black "PEYTON, NATHAN:K05-16452322"]
[Result "1-0"]
[ICCResult "Black checkmated"]
[WhiteElo "1637"]
[BlackElo "1363"]
[Opening "Petrov: Nimzovich attack"]
[ECO "C42"]
[NIC "RG.03"]
[Time "17:00:09"]
[PlyCount "103"]
[TimeControl "2400+5"]

1. e4 e5 2. Nf3 Nf6 3. Nxe5 d6 4. Nf3 Nxe4 5. Nc3 Nf6 6. d4 d5 7. Bg5 Be7
8. Bd3 Bg4 9. h3 Bh5 10. Qd2 Nbd7 11. O-O-O c6 12. Rhe1 O-O 13. g4 Bg6 14.
Nh4 Ne4 15. Nxe4 dxe4 16. Bxe7 Qxe7 17. Nxg6 fxg6 18. Bxe4 Qf7 19. Kb1 Qxf2
20. Qc3 Rae8 21. Bd3 Rxe1 22. Rxe1 Kh8 23. a3 Qg3 24. Re7 Qd6 25. Re3 Nb6
26. Qc5 Qd8 27. Re7 Na4 28. Qe5 Rg8 29. Bc4 Qb6 30. Bb3 Qb5 31. Rxg7 Nc3+
32. bxc3 Qxb3+ 33. cxb3 Rxg7 34. Qb8+ Rg8 35. Qxb7 Rg7 36. Qxc6 h5 37. gxh5
gxh5 38. Qe8+ Kh7 39. Qxh5+ Kg8 40. d5 Rg1+ 41. Kc2 Rg2+ 42. Kd3 Rg3+ 43.
Kc4 Re3 44. Qg5+ Kf7 45. Qxe3 a5 46. d6 a4 47. d7 axb3 48. d8=Q b2 49.
Qee7+ Kg6 50. Qdd6+ Kh5 51. Qee5+ Kh4 52. Qh6# { Black checkmated } 1-0

[Event "ICC tourney 2603 (40 5)"]
[Site "Internet Chess Club"]
[Date "2021.06.13"]
[Round "6"]
[White "DUNIKOV, GLIB:K05-16572317"]
[Black "SHANMUGAM, MEERA:K05-16606945"]
[Result "1-0"]
[ICCResult "Black checkmated"]
[WhiteElo "1502"]
[BlackElo "1225"]
[Opening "King's gambit"]
[ECO "C30"]
[NIC "KG.05"]
[Time "17:00:13"]
[PlyCount "83"]
[TimeControl "2400+5"]

1. e4 e5 2. f4 Nc6 3. Nf3 f5 4. exf5 e4 5. Ne5 Nf6 6. Bc4 d5 7. Bb5 Bd7 8.
Bxc6 Bxc6 9. O-O Bc5+ 10. Kh1 Bb5 11. c4 dxc4 12. Nc3 Bd7 13. g4 Qe7 14. g5
Ng8 15. Qh5+ Kf8 16. Nd5 Qe8 17. Qxe8+ Kxe8 18. Nxc7+ Ke7 19. Nxa8 Bd6 20.
Nxd7 Kxd7 21. b3 cxb3 22. axb3 Bc5 23. Bb2 Ne7 24. b4 Nxf5 25. bxc5 Rxa8
26. Rfe1 Kc6 27. Rxe4 Rd8 28. Bc3 Kxc5 29. Re5+ Rd5 30. Ra5+ b5 31. Rxb5+
Kc6 32. Rbxd5 a5 33. Rxf5 g6 34. Rc5+ Kd6 35. Rfd5+ Ke7 36. Rc6 a4 37. Bf6+
Kf7 38. Rd7+ Ke8 39. Rg7 a3 40. Kg2 a2 41. Rxh7 a1=Q 42. Rc8# { Black
checkmated } 1-0

[Event "ICC tourney 2603 (40 5)"]
[Site "Internet Chess Club"]
[Date "2021.06.13"]
[Round "6"]
[White "KESIREDDY, SAIKARUNYA:K05-16974321"]
[Black "YANG, ALEXANDER:K05-16917728"]
[Result "0-1"]
[ICCResult "White checkmated"]
[WhiteElo "880"]
[BlackElo "1495"]
[Opening "Sicilian"]
[ECO "B50"]
[NIC "SI.01"]
[Time "17:00:13"]
[PlyCount "84"]
[TimeControl "2400+5"]

1. e4 c5 2. Nf3 d6 3. c3 Nf6 4. d3 Nbd7 5. Bf4 b6 6. Be2 Bb7 7. c4 g6 8.
Nc3 Bg7 9. Qd2 O-O 10. O-O Re8 11. Ne1 Nb8 12. Nc2 Nc6 13. f3 e5 14. Bg5
Nd4 15. Nxd4 cxd4 16. Nd5 Bxd5 17. exd5 Qc7 18. Bd1 Nd7 19. Ba4 f6 20. Bh4
g5 21. Bg3 Re7 22. b4 a5 23. a3 Nf8 24. Bc6 Rb8 25. bxa5 bxa5 26. Rab1 Nd7
27. Rxb8+ Nxb8 28. Rb1 Nxc6 29. dxc6 Re8 30. Rb7 Qxc6 31. Ra7 Rb8 32. Rxa5
Rb1+ 33. Be1 Qb6 34. Ra8+ Kf7 35. Kf1 Rb2 36. Qa5 Qb3 37. Qd5+ Kg6 38. Qe4+
f5 39. Qc6 Qxd3+ 40. Kg1 Qe3+ 41. Kf1 Qe2+ 42. Kg1 Qxg2# { White checkmated
} 0-1